down to the wire mech vs indian

Match 18483259
End
Royal Engineer Section
Construct Section Command Post
Infantry Section
Infantry Section
Construct Field Infirmary
Selects Indian Artillery Battlegroup
Selects Towed ML 4.2-inch Heavy Mortar
Towed ML 4.2-inch Heavy Mortar
Infantry Section
Construct Platoon Command Post
6-pounder Anti-tank Gun Team
Selects Valour
Selects Gurkha Rifles Section
Gurkha Rifles Section
Construct Company Command Post
Crusader II Medium Tank
Selects Volunteer Infantry
Foot Guards Section
Selects Off-map Airburst Barrage
Unlock Towed 17-pounder Anti-tank Guns
Matilda II Heavy Tank
17-pounder Anti-tank Gun Team
Off-map Airburst Barrage
Selects Perimeter Monitor
Unlock M3 Grant Medium Tanks
M3 Grant Medium Tank
Off-map Airburst Barrage
M3 Grant Medium Tank
Grenade Package
Crusader II Medium Tank
Matilda II Heavy Tank
Matilda II Heavy Tank
Armored Vehicle Training
Off-map Airburst Barrage
Crusader II Medium Tank
Off-map Airburst Barrage
Dumais
RtN.havoc
0
0

Comments sign in to comment!

No comments posted yet!